 Dungeon Crawl Stone Soup version 0.30-a0-377-g5cb311bc9f (webtiles) character file.

Game seed: 8753060416374171428

9179 Ijustatesigmund the Destroyer (level 11, 0/78 HPs)
             Began as a Demonspawn Conjurer on Nov 29, 2022.
             Was a Believer of Cheibriados.
             Slain by a sun demon (19 damage)
             ... summoned by a kobold demonologist
             ... on level 10 of the Dungeon on Nov 30, 2022.
             The game lasted 00:46:36 (16351 turns).

Ijustatesigmund the Destroyer (DsCj)               Turns: 16351, Time: 00:46:37

Health: 0/78       AC: 13    Str: 12    XL:     11   Next: 19%
Magic:  13/23      EV: 17    Int: 28    God:    Cheibriados [**....]
Gold:   1186       SH:  5    Dex: 18    Spells: 21/27 levels left

rFire   . . .      SeeInvis .    l - +5 short sword
rCold   . . .      Faith    .    q - +0 buckler
rNeg    . . .      Spirit   .    A - +0 steam dragon scales
rPois   .          Reflect  .    z - +0 helmet
rElec   .          Harm     .    e - +1 cloak
rCorr   .          Rampage  .    o - +0 pair of gloves
Will    +....                    I - +0 pair of boots
Stlth   ++........               a - amulet of regeneration
HPRegen 1.13/turn                m - ring of willpower
MPRegen 0.18/turn                x - +4 ring of evasion

@: very slow
A: slimy green scales 1, demonic guardian 1, weakness stinger 2
a: Renounce Religion, Bend Time


You were on level 10 of the Dungeon.
You worshipped Cheibriados.
Cheibriados was pleased with you.
You visited 2 branches of the dungeon, and saw 11 of its levels.
You also visited: Sewer and Ossuary.

You collected 1186 gold pieces.

Inventory:

Hand Weapons
 h - the +3 trident of Juimil {drain, *Slow rC++ Str-4 Dex+2}
   (You found it on level 4 of the Dungeon)

   A truly terrible weapon, it drains the life of any living foe it strikes.
   Str:       It affects your strength (-4).
   Dex:       It affects your dexterity (+2).
   rC:        It greatly protects you from cold.
   *Slow:     It may slow you when you take damage.
 l - a +5 short sword (weapon)
Missiles
 j - 2 curare-tipped darts (quivered)
Armour
 e - a +1 cloak (worn)
 o - a +0 pair of gloves (worn)
 q - a +0 buckler (worn)
 z - a +0 helmet (worn)
 A - +0 steam dragon scales (worn)
 I - a +0 pair of boots (worn)
Jewellery
 a - an amulet of regeneration (around neck)
 f - a ring of ice
 m - a ring of willpower (left hand)
 n - a ring of willpower
 x - a +4 ring of evasion (right hand)
Wands
 c - a wand of polymorph (13)
 k - a wand of iceblast (4)
 E - a wand of flame (9)
 H - a wand of mindburst (3)
Scrolls
 g - 2 scrolls of teleportation
 w - 2 scrolls of poison
 C - a scroll of amnesia
 F - a scroll of fear
 G - a scroll of silence
Potions
 b - 3 potions of magic
 d - 2 potions of brilliance
 i - 6 potions of curing
 p - 2 potions of mutation
 r - 2 potions of ambrosia
 s - a potion of flight
 t - 4 potions of lignification
 v - 2 potions of attraction {unknown}
 B - a potion of invisibility
 D - 4 potions of heal wounds


   Skills:
 - Level 4.7 Fighting
 - Level 1.0 Short Blades
 - Level 4.3 Armour
 - Level 4.0 Dodging
 - Level 1.7 Stealth
 - Level 3.0 Shields
 + Level 8.8 Spellcasting
 + Level 10.1 Conjurations
 - Level 4.7 Hexes
 + Level 7.2 Invocations
 + Level 1.1 Evocations


You had 21 spell levels left.
You knew the following spells:

 Your Spells              Type           Power      Damage    Failure   Level
a - Magic Dart            Conj           100%       1d8       1%          1
b - Searing Ray           Conj           100%       2d8       1%          2
c - Dazzling Flash        Conj/Hex       100%       N/A       1%          3

Your spell library contained the following spells:

 Spells                   Type           Power      Damage    Failure   Level
 Slow                     Hex            100%       N/A       1%          1
 Confusing Touch          Hex            38%        N/A       2%          3
 Fulminant Prism          Conj/Hex       26%        3d13      2%          4
 Beastly Appendage        Tmut           24%        N/A       6%          1
 Summon Small Mammal      Summ           48%        N/A       6%          1
 Inner Flame              Hex/Fire       25%        N/A       7%          3
 Summon Guardian Golem    Hex/Summ       25%        N/A       7%          3
 Iskenderun's Mystic Bla  Conj/Tloc      40%        2d9       8%          4
 Wereblood                Tmut           12%        N/A       9%          2
 Cause Fear               Hex            19%        N/A       9%          4
 Call Canine Familiar     Summ           12%        N/A       19%         3
 Spider Form              Tmut/Pois      12%        N/A       19%         3
 Vampiric Draining        Necr           12%        2d6       19%         3
 Discord                  Hex            19%        N/A       100%        8


Dungeon Overview and Level Annotations

Branches:
Dungeon (10/15)            Temple (1/1) D:7            Lair (0/5) D:8
  Sewer (visited)         Ossuary (visited)
    Orc: D:9-12

Altars:
Ashenzari
Cheibriados
Dithmenos
Fedhas
Hepliaklqana
Kikubaaqudgha
Makhleb
Nemelex Xobeh
Okawaru
Qazlal
Ru
Sif Muna
Trog
Uskayaw
Vehumet
Wu Jian
Xom
Yredelemnul

Shops:
D:2 (

Annotations:
D:6 exclusion: statue


Innate Abilities, Weirdness & Mutations

You are partially covered in slimy green scales. (AC +2)
A weak demonic guardian rushes to your aid.
You have a tail ending in a sharp stinger.


Message History

The sun demon is lightly wounded.
The kobold brigand hits you but does no damage.
The searing ray hits the kobold brigand!
You kill the kobold brigand!
Cheibriados thoroughly appreciates the change of pace.
The searing ray hits the sun demon but does no damage.
The sun demon is lightly wounded.
The searing ray misses the kobold.
You finish channelling your searing ray.
Casting: Searing Ray (safe; 1% risk of failure)
Confirm with . or Enter, or press ? or * to list all spells.
Aiming: Searing Ray (safe; 1% risk of failure)
Press: ? - help, Shift-Dir - straight line, f - sun demon
Aim: a sun demon (lightly wounded, summoned, 79% to hit)
The searing ray hits the sun demon.
The sun demon is lightly wounded.
The searing ray hits the kobold.
You kill the kobold!
Cheibriados appreciates the change of pace.
The searing ray hits the kobold demonologist.
The kobold demonologist is lightly wounded. (Press . to maintain the ray.)
The sun demon hits you!
You are engulfed in flames!!
The searing ray misses the sun demon.
The searing ray hits the kobold demonologist!
The kobold demonologist is heavily wounded.
The searing ray hits the rust devil!
The rust devil is lightly wounded.
The sun demon hits you.
You are engulfed in flames!
The kobold demonologist looks satisfied for a moment.
The searing ray hits the sun demon!
The sun demon is moderately wounded.
The searing ray hits the kobold demonologist.
The kobold demonologist is heavily wounded.
The searing ray hits the rust devil but does no damage.
The rust devil is lightly wounded.
The sun demon hits you!
* * * LOW HITPOINT WARNING * * *
You are engulfed in flames!!
You die...

################ ######
...##..........# ...K.#
...............# ....?#
....#..........# .K...#
....#..........# ...3.#
...##..........# .K...#
...##..........#####..<..#
...##..........'@3)K4....#
...##.)........#####.....#
#'###..........# ....$#
#.# #..........# .....#
..# ########'### .....#
.## ##.# ###+## '###
###..# ...# #...##
...######'#######


You could see a sun demon (summoned), a rust devil (summoned) and a kobold
demonologist.

Vanquished Creatures
  2 two-headed ogres (D:10)
  Pikel (D:8)
  Psyche (D:8)
  A troll (D:9)
  11 yaks
  A wyvern (D:8)
  Eustachio (D:6)
  3 steam dragons
  4 vampire mosquitoes (D:10)
  Duvessa (D:4)
  2 water moccasins
  4 ice beasts
  An orc warrior (D:9)
  5 black bears
  A centaur (D:5)
  2 lemures (D:8)
  A phantom (D:4)
  3 kobold brigands
  7 bullfrogs
  A necrophage (D:5)
  3 scorpions
  Dowan (D:4)
  9 killer bees
  6 howler monkeys
  6 electric eels (D:7)
  A centaur zombie (Ossuary)
  2 hounds
  An orc priest (D:8)
  A jelly (D:5)
  Crazy Yiuf (D:3)
  A gnoll bouda (D:9)
  Jessica (D:2)
  4 iguanas
  10 orc wizards
  2 mummies (Ossuary)
  3 gnolls (D:9)
  13 adders
  7 river rats (Sewer)
  A shadow imp (D:6)
  A white imp (D:4)
  2 ufetubi
  2 adder zombies (Ossuary)
  2 worms
  2 dart slugs (D:2)
  26 orcs
  14 ball pythons
  4 bats
  12 endoplasms
  7 giant cockroaches
  13 goblins
  8 hobgoblins
  7 jackals
  25 kobolds
  4 quokkas
  3 frilled lizards
  A goblin zombie (Ossuary)
  13 hobgoblin zombies (Ossuary)
  3 jackal zombies (Ossuary)
  4 kobold zombies (Ossuary)
  10 orc zombies (Ossuary)
  19 rats
  3 rat zombies
311 creatures vanquished.

Vanquished Creatures (collateral kills)
  A phantom (D:4)
  A scorpion (D:5)
  An iguana (D:4)
  A giant cockroach (D:6)
  A goblin (D:4)
  2 quokkas (D:6)
7 creatures vanquished.

Vanquished Creatures (others)
  An ogre (D:4)
  An orc wizard (D:7)
  A quokka (D:7)
  45 fungi (D:8)
  68 plants
  4 toadstools (D:8)
120 creatures vanquished.

Grand Total: 438 creatures vanquished

Notes
Turn   | Place    | Note
-------+----------+-------------------------------------------
     0 | D:1      | Ijustatesigmund the Demonspawn Conjurer began the quest for
                  | the Orb.
     0 | D:1      | Reached XP level 1. HP: 13/13 MP: 3/3
   265 | D:1      | Gained mutation: You have a small tail. [demonic ancestry]
   265 | D:1      | Reached XP level 2. HP: 20/20 MP: 1/5
   407 | D:1      | Reached skill level 1 in Fighting
   501 | D:1      | Learned a level 2 spell: Searing Ray
  1261 | D:2      | Reached XP level 3. HP: 23/26 MP: 0/6
  1564 | D:2      | Found Uhexzeto's Weapon Shoppe.
  2121 | D:2      | Noticed Jessica
  2127 | D:2      | Killed Jessica
  2128 | D:2      | Reached XP level 4. HP: 33/33 MP: 3/8
  2703 | D:3      | Found an iron altar of Okawaru.
  3444 | D:3      | Reached XP level 5. HP: 32/39 MP: 6/9
  3940 | D:3      | Found a runed translucent door.
  3941 | D:3      | Noticed Crazy Yiuf
  3948 | D:3      | Killed Crazy Yiuf
  3949 | D:3      | Reached skill level 5 in Conjurations
  4049 | D:4      | Found a broken altar of Ashenzari.
  4336 | D:4      | Found a sand-covered staircase.
  4343 | Ossuary  | Entered an ossuary
  4357 | Ossuary  | Learned a level 3 spell: Dazzling Flash
  4745 | Ossuary  | Reached skill level 1 in Hexes
  4772 | Ossuary  | Reached XP level 6. HP: 36/47 MP: 1/11
  5260 | D:4      | Found an ancient bone altar of Kikubaaqudgha.
  5411 | D:4      | Found a burning altar of Makhleb.
  5469 | D:4      | Noticed Dowan
  5474 | D:4      | Killed Dowan
  5569 | D:4      | Noticed Duvessa
  5598 | D:4      | Killed Duvessa
  5881 | D:4      | Gained mutation: A weak demonic guardian rushes to your
                  | aid. [demonic ancestry]
  5881 | D:4      | Reached XP level 7. HP: 52/52 MP: 10/12
  7033 | D:4      | Identified the +3 trident of Juimil {drain, *Slow rC++
                  | Str-4 Dex+2}
  7112 | D:5      | Entered Level 5 of the Dungeon
  7699 | D:5      | Reached skill level 6 in Conjurations
  7802 | D:5      | Reached XP level 8. HP: 59/61 MP: 10/14
  8546 | D:5      | Found a blossoming altar of Fedhas.
  8585 | D:5      | Found a hazy altar of Hepliaklqana.
  8862 | D:6      | Reached skill level 5 in Spellcasting
  8960 | D:6      | Reached skill level 1 in Short Blades
  9128 | D:6      | Reached skill level 1 in Shields
  9216 | D:6      | Found a radiant altar of Vehumet.
  9256 | D:6      | Reached skill level 7 in Conjurations
  9271 | D:6      | Found a glowing drain.
  9284 | Sewer    | Entered a sewer
 10701 | D:6      | Found a shimmering blue altar of Sif Muna.
 10853 | D:6      | Gained mutation: You have a tail ending in a sharp stinger.
                  | [demonic ancestry]
 10853 | D:6      | Reached XP level 9. HP: 66/66 MP: 12/17
 10936 | D:6      | Noticed Eustachio
 10966 | D:6      | Killed Eustachio
 11361 | D:7      | Reached skill level 1 in Armour
 11402 | D:7      | Found a basalt altar of Yredelemnul.
 11584 | D:7      | Reached skill level 8 in Conjurations
 11741 | D:7      | Found a staircase to the Ecumenical Temple.
 12407 | Temple   | Entered the Ecumenical Temple
 12473 | Temple   | Became a worshipper of Cheibriados the Contemplative
 12609 | D:8      | Reached skill level 1 in Invocations
 12623 | D:8      | Gained mutation: You are partially covered in slimy green
                  | scales. (AC +2) [demonic ancestry]
 12623 | D:8      | Reached XP level 10. HP: 55/73 MP: 1/21
 12790 | D:8      | Identified the +0 scale mail "Tapuan" {rElec}
 13155 | D:8      | Reached skill level 9 in Conjurations
 13247 | D:8      | Noticed Psyche
 13605 | D:8      | Found a staircase to the Lair.
 13759 | D:8      | Reached * piety under Cheibriados
 13776 | D:8      | Killed Psyche
 14024 | D:8      | Noticed Pikel
 14082 | D:8      | Killed Pikel
 14083 | D:8      | Reached skill level 5 in Invocations
 15052 | D:9      | Found a stormy altar of Qazlal.
 15105 | D:9      | Found an ornate altar of the Wu Jian Council.
 15304 | D:10     | Entered Level 10 of the Dungeon
 15344 | D:10     | Identified the +9 whip "Beetleslayer" {spect, rElec Dex+2}
 15456 | D:10     | Found a bloodstained altar of Trog.
 15530 | D:10     | Reached ** piety under Cheibriados
 15656 | D:10     | Found a shimmering altar of Xom.
 15694 | D:10     | Noticed a two-headed ogre
 15709 | D:10     | Killed a two-headed ogre
 15844 | D:10     | Reached XP level 11. HP: 54/78 MP: 14/23
 15989 | D:10     | Noticed a two-headed ogre
 15998 | D:10     | Killed a two-headed ogre
 15999 | D:10     | Reached skill level 10 in Conjurations
 16091 | D:10     | Reached skill level 1 in Evocations
 16342 | D:10     | Noticed a sun demon
 16351 | D:10     | Slain by a sun demon

Illustrated notes

Levels and vault maps discovered:
D:1:      minmay_arrival_shoal_huts, layout_loops_cross,
          nicolae_kite_square_tiling_tiny
D:2:      layout_basic, serial_corexii_hall, chequers_hall_statues_wall_a,
          corexii_hall_statues_l, serial_shops, nicolae_shop_window_shopping,
          patterned_corridor, uniq_jessica
D:3:      layout_loops_ring, mainiacjoe_overflow_concentric_impassable,
          wad_orctagon, uniq_crazy_yiuf_cottage
D:4:      minmay_polygon_palace, layout_cave_pools, makhleb_blood_cavern_becter,
          mainiacjoe_overflow_brackets, ashenzari_conservatory_becter,
          enter_ossuary_4, dk_noncrumbling_3, minmay_misc_feat_five,
          uniq_duvessa
D:5:      layout_basic, nzn_hepliaklqana_mist_gate, tso_oasis_becter,
          fedhas_altar_1, hangedman_decor_slide_cut
D:6:      minmay_flawed_box, layout_gridville, vehumet_statue,
          lemuel_crystal_altar, portal_sewer_entry_f, uniq_eustachio
D:7:      layout_basic, lemuel_round_altar, elyvilon_altar_4,
          minmay_temple_entry_antechambers, serial_bayou, serial_bayou_shore_b,
          serial_bayou_pond_a, serial_bayou_lagoon_b, serial_bayou_ford_a
D:8:      layout_basic, due_lair_maze_entry_diamond, serial_corexii_hall,
          chequers_hall_statues_corner_a, chequers_hall_statues_wall_a,
          chequers_hall_statues_y, minmay_gold_behind_fungi, uniq_psyche,
          uniq_pikel
D:9:      layout_rooms, mainiacjoe_overflow_alcove_1, kennysheep_little_box
D:10:     layout_roguey, nicolae_gozag_cash_rules_everything_around_me,
          amcnicky_altar_gilded, mainiacjoe_overflow_small_starburst,
          nicolae_looking_at_the_future
Temple:   nicolae_temple_ecumenical_triangle

Skill      XL: |  1  2  3  4  5  6  7  8  9 10 11 |
---------------+----------------------------------+-----
Fighting       | 1 2 3 4 |  4.7
Spellcasting   | 3 4 5 7 8 |  8.8
Conjurations   | 5 6 7 8 9 10 | 10.1
Hexes          | 1 4 |  4.7
Short Blades   | 1 |  1.0
Shields        | 2 3 |  3.0
Armour         | 3 4 |  4.3
Invocations    | 3 6 7 |  7.2
Dodging        | 2 4 |  4.0
Evocations     | 1 |  1.1
Stealth        | |  1.7

Action                   |  1- 3 |  4- 6 |  7- 9 | 10-12 || total
-------------------------+-------+-------+-------+-------++-------
Melee: Dagger            |    10 |       |       |       ||    10
       Short sword       |     4 |   108 |   209 |    66 ||   387
       Morningstar       |       |    16 |       |       ||    16
       Tailslap          |       |    16 |    33 |     8 ||    57
       Punch             |       |       |     3 |       ||     3
Throw: Dart              |       |       |     1 |     3 ||     4
 Cast: Magic Dart        |    83 |   132 |   269 |    84 ||   568
       Searing Ray       |     2 |     8 |    13 |    41 ||    64
       Dazzling Flash    |       |     2 |    20 |     9 ||    31
Evoke: Wand              |       |     2 |    12 |     2 ||    16
  Use: Scroll            |     4 |     3 |     7 |     7 ||    21
       Potion            |       |     8 |     3 |       ||    11
 Stab: Sleeping          |       |     1 |     1 |       ||     2
       Invisible         |       |     2 |     2 |       ||     4
Armor: Robe              |     7 |    33 |    52 |       ||    92
       Skin              |       |     2 |       |       ||     2
       Leather armour    |       |       |    16 |       ||    16
       Steam dragon scal |       |       |     9 |    42 ||    51
Dodge: Dodged            |    21 |   118 |   226 |   140 ||   505
Block: Buckler           |       |       |    25 |    42 ||    67

Table legend: (Time is in decaauts)
 A = Elapsed time spent in this place.
 B = Non-inter-level travel time spent in this place.
 C = Inter-level travel time spent in this place.
 D = Time resting spent in this place.
 E = Time spent auto-exploring this place.
 F = Levels seen in this place.
 G = Mean time per level.
                   A        B        C        D        E       F      G
               +--------+--------+--------+--------+--------+-----+--------+
         Total |  17003 |  16626 |    377 |   5172 |   8792 |  13 | 1307.9 |
       Dungeon |  14722 |  14346 |    376 |   4127 |   7978 |  10 | 1472.2 |
        Temple |     70 |     70 |      0 |      0 |     28 |   1 |   70.0 |
         Sewer |   1421 |   1421 |      0 |    620 |    600 |   1 | 1421.0 |
       Ossuary |    789 |    789 |      0 |    425 |    185 |   1 |  789.0 |
               +--------+--------+--------+--------+--------+-----+--------+

Top non-repeatable levels by time:
     D:4: 2293 daAuts
     D:8: 1903 daAuts
     D:5: 1737 daAuts
     D:2: 1685 daAuts
   Sewer: 1421 daAuts
     D:3: 1352 daAuts
     D:9: 1292 daAuts
     D:7: 1225 daAuts
    D:10: 1215 daAuts
     D:6: 1009 daAuts
     D:1: 1005 daAuts
 Ossuary: 789 daAuts
  Temple: 70 daAuts
